 Dungeon Crawl Stone Soup version 0.30.0-16-gbe6223bb7e (webtiles) character file.

Game seed: 6738468595474883243

1227 RascalDebosk the Magician (level 8, 0/60 HPs)
             Began as a Djinni Conjurer on May 20, 2023.
             Slain by a gnoll
             ... wielding a +0 spear
              (3 damage)
             ... on level 6 of the Dungeon.
             The game lasted 00:17:21 (4152 turns).

RascalDebosk the Magician (Djinni Conjurer)         Turns: 4152, Time: 00:17:21

Health: 0/60       AC:  3    Str:  6    XL:     8   Next: 76%
Gold:   238        EV:  6    Int: 22    God:
                   SH:  0    Dex: 12

rFire   + + +        y - +0 rapier
rCold   x . .        (no shield)
rNeg    . . .        a - +0 robe
rPois   ∞            m - +0 helmet
rElec   .            (no cloak)
rCorr   .            (no gloves)
SInv    .            (boots unavailable)
Will    +....        k - amulet of the acrobat
Stlth   ++           c - ring of protection from fire
HPRegen 0.30/turn    q - ring of willpower
MPRegen 0.00/turn

%: acrobat, infuse magic (-1 HP)
@: acrobatic, flying, held
A: sickness immunity, fire resistance 2, cold vulnerability 1, float, innate
caster, HP casting, extra vitality 1
a: no special abilities


You were on level 6 of the Dungeon.
You visited 1 branch of the dungeon, and saw 6 of its levels.

You collected 238 gold pieces.

Inventory:

Hand Weapons
 y - a +0 rapier (weapon)
Armour
 a - a +0 robe (worn)
 m - a +0 helmet (worn)
Jewellery
 c - a ring of protection from fire (left hand)
 k - an amulet of the acrobat (around neck)
 q - a ring of willpower (right hand)
Wands
 o - a wand of acid (14)
 w - a wand of mindburst (13)
 A - a wand of flame (13)
Scrolls
 b - 2 scrolls of enchant weapon {unknown}
 g - a scroll of fear {unknown}
 h - 4 scrolls of amnesia {unknown}
 i - a scroll of immolation {unknown}
 j - 2 scrolls of teleportation {unknown}
 l - a scroll of summoning {unknown}
 p - 3 scrolls of poison {unknown}
 s - a scroll of brand weapon {unknown}
 u - 2 scrolls of fog {unknown}
 x - 2 scrolls of identify {unknown}
 z - a scroll of silence {unknown}
Potions
 d - 2 potions of lignification {unknown}
 e - a potion of attraction {unknown}
 f - a potion of magic {unknown}
 n - a potion of degeneration {unknown}
 r - a potion of heal wounds {unknown}
 t - 2 potions of resistance {unknown}
 v - 2 potions of curing {unknown}


   Skills:
 * Level 5.5 Fighting
 + Level 3.7 Armour
 - Level 2.1 Dodging
 - Level 1.5 Stealth
 * Level 6.3 Spellcasting


You knew the following spells:

 Your Spells              Type           Power      Damage    Failure   Level
a - Magic Dart            Conj           100%       1d8       1%          1
b - Searing Ray           Conj           68%        2d6       1%          2
c - Dazzling Flash        Conj/Hex       68%        N/A       1%          3
d - Fulminant Prism       Conj/Hex       17%        3d10      7%          4
e - Iskenderun's Mystic   Conj/Tloc      34%        2d8       7%          4
f - Sting                 Tmut/Pois      100%       1d8       1%          1
g - Wereblood             Tmut           34%        N/A       1%          2
h - Gell's Gravitas       Tloc           34%        N/A       1%          3
Your spell library was empty.

Dungeon Overview and Level Annotations

Branches:
Dungeon (6/15)             Temple (0/1) D:6

Altars:
Gozag
Makhleb


Innate Abilities, Weirdness & Mutations

You are immune to sickness and miasma.
You are immune to poison.
Your flesh is very heat resistant. (rF++)
You are vulnerable to cold. (rC-)
You float through the air rather than walking.
You learn spells naturally, not from books.
Your magical power is your life essence.
You have superior vitality. (+4 MHP)


Message History

The gnoll is knocked back by the mystic blast.
The gnoll slams into the stone wall!
The gnoll is almost dead.
The mystic blast hits the gnoll.
You kill the gnoll!
* * * LOW HITPOINT WARNING * * *
The gnoll throws a throwing net.
The throwing net hits you.
You become entangled in the net!
There is a stone staircase leading up here.
You see here a throwing net {@!f}.
Casting: Iskenderun's Mystic Blast (dangerous; 7% risk of failure)
Confirm with . or Enter, or press ? or * to list all spells.
You erupt in a blast of force!
The mystic blast hits the gnoll!
You kill the gnoll!
* * * LOW HITPOINT WARNING * * *
Casting: Iskenderun's Mystic Blast (dangerous; 7% risk of failure)
Confirm with . or Enter, or press ? or * to list all spells.
Aiming: Searing Ray (safe; 1% risk of failure)
Press: ? - help, Shift-Dir - straight line, f - black bear
Aim: a black bear (86% to hit)
The searing ray hits the gnoll!
The gnoll is almost dead.
The searing ray hits the black bear!
The black bear is moderately wounded. (Press . to maintain the ray.)
* * * LOW HITPOINT WARNING * * *
An ice beast comes into view.
The searing ray hits the gnoll.
You kill the gnoll!
The searing ray hits the black bear.
The black bear is heavily wounded.
* * * LOW HITPOINT WARNING * * *
The searing ray hits the black bear.
The black bear is severely wounded.
The searing ray hits the gnoll.
The gnoll is moderately wounded.
* * * LOW HITPOINT WARNING * * *
Casting: Searing Ray (safe; 1% risk of failure)
Confirm with . or Enter, or press ? or * to list all spells.
You erupt in a blast of force!
The mystic blast hits the gnoll.
The gnoll is severely wounded.
The gnoll is knocked back by the mystic blast.
The gnoll slams into the rock wall!
You kill the gnoll!
The mystic blast hits the black bear!
You kill the black bear!
* * * LOW HITPOINT WARNING * * *
You struggle against the net.
Casting: Iskenderun's Mystic Blast (dangerous; 7% risk of failure)
Confirm with . or Enter, or press ? or * to list all spells.
Aiming: Magic Dart (safe; 1% risk of failure)
Press: ? - help, Shift-Dir - straight line, f - ice beast
Aim: an ice beast (100% to hit)
The magic dart hits the ice beast.
The ice beast is lightly wounded.
* * * LOW HITPOINT WARNING * * *
Casting: Magic Dart (safe; 1% risk of failure)
Confirm with . or Enter, or press ? or * to list all spells.
You erupt in a blast of force!
The mystic blast hits the ice beast!
The ice beast is moderately wounded.
The ice beast is knocked back by the mystic blast.
* * * LOW HITPOINT WARNING * * *
You struggle against the net.
Casting: Iskenderun's Mystic Blast (dangerous; 7% risk of failure)
Confirm with . or Enter, or press ? or * to list all spells.
Aiming: Magic Dart (safe; 1% risk of failure)
Press: ? - help, Shift-Dir - straight line, f/p - ice beast
Aim: an ice beast (moderately wounded, 100% to hit)
The magic dart hits the ice beast but does no damage.
The ice beast is moderately wounded.
* * * LOW HITPOINT WARNING * * *
Casting: Magic Dart (safe; 1% risk of failure)
Confirm with . or Enter, or press ? or * to list all spells.
You erupt in a blast of force!
The mystic blast hits the ice beast!
The ice beast is heavily wounded.
The ice beast is knocked back by the mystic blast.
* * * LOW HITPOINT WARNING * * *
Casting: Iskenderun's Mystic Blast (dangerous; 7% risk of failure)
Confirm with . or Enter, or press ? or * to list all spells.
Aiming: Searing Ray (safe; 1% risk of failure)
Press: ? - help, Shift-Dir - straight line, f/p - ice beast
Aim: an ice beast (heavily wounded, 81% to hit)
The searing ray hits the ice beast.
The ice beast is severely wounded. (Press . to maintain the ray.)
* * * LOW HITPOINT WARNING * * *
A gnoll comes into view. It is wielding a +0 spear.
The searing ray hits the ice beast.
The ice beast is almost dead.
* * * LOW HITPOINT WARNING * * *
A gnoll comes into view. It is wielding a +0 whip.
The searing ray misses the ice beast.
* * * LOW HITPOINT WARNING * * *
The ice beast barely misses you.
The searing ray hits the ice beast!
You kill the ice beast!
* * * LOW HITPOINT WARNING * * *
You finish channelling your searing ray.
The gnoll hits you from afar with a +0 spear.
You die...

#+# #.# # #.# #. #.##
#.# .# #. ... ..# #.
.# #.##.####.. . ..
.####...g#..#.#.##.#
........@#..#.#... .
......#...g.#.g..#
..#
.....+....)#.##)#.>.#
. #..#.........).....
#.#........#..?#.#.#
#............#.#
##..######...#... #..
##.....#.# #. ##.##.#
..


You could see 2 gnolls.

Vanquished Creatures
  Prince Ribbit (D:5)
  A water moccasin (D:5)
  2 black bears
  2 ice beasts
  A centaur (D:5)
  2 phantoms
  A gnoll sergeant (D:6)
  A jelly (D:5)
  A hound (D:6)
  4 orc wizards
  5 gnolls (D:6)
  8 adders
  4 dart slugs
  11 orcs
  A bat (D:1)
  8 endoplasms
  2 giant cockroaches
  9 hobgoblins
  2 jackals (D:2)
  3 quokkas
  4 ball pythons
  4 frilled lizards
  3 goblins (D:1)
  7 kobolds
  2 rats (D:2)
89 creatures vanquished.

Vanquished Creatures (others)
  4 fulminant prisms
4 creatures vanquished.

Grand Total: 93 creatures vanquished

Notes
Turn   | Place    | Note
-------+----------+-------------------------------------------
     0 | D:1      | RascalDebosk the Djinni Conjurer began the quest for the
                  | Orb.
     0 | D:1      | RascalDebosk set off with the following spells memorised:
                  | Magic Dart, Searing Ray, Dazzling Flash, Fulminant Prism,
                  | Iskenderun's Mystic Blast.
     0 | D:1      | Reached XP level 1. HP: 15/15 MP: 0/0
   129 | D:1      | Reached XP level 2. HP: 17/21 MP: 0/0
   494 | D:1      | Reached XP level 3. HP: 21/25 MP: 0/0
   494 | D:1      | Learned a level 1 spell: Sting
   868 | D:2      | Reached skill level 4 in Spellcasting
   905 | D:2      | Found a faded altar of an unknown god.
  1054 | D:2      | Reached XP level 4. HP: 25/31 MP: 0/0
  2203 | D:3      | Found a burning altar of Makhleb.
  2433 | D:4      | Reached XP level 5. HP: 21/36 MP: 0/0
  2433 | D:4      | Learned a level 2 spell: Wereblood
  2524 | D:4      | Noticed a phantom
  2531 | D:4      | Killed a phantom
  2532 | D:4      | Reached skill level 1 in Fighting
  2532 | D:4      | Reached skill level 1 in Armour
  2673 | D:4      | Reached XP level 6. HP: 27/43 MP: 0/0
  3063 | D:5      | Entered Level 5 of the Dungeon
  3070 | D:5      | Noticed Prince Ribbit
  3077 | D:5      | Reached skill level 5 in Spellcasting
  3078 | D:5      | Killed Prince Ribbit
  3079 | D:5      | Reached XP level 7. HP: 22/50 MP: 0/0
  3079 | D:5      | Learned a level 3 spell: Gell's Gravitas
  3140 | D:5      | HP: 1/51 [centaur/arrow (16)]
  3354 | D:5      | Reached XP level 8. HP: 50/58 MP: 0/0
  3752 | D:5      | Found an opulent altar of Gozag.
  3854 | D:5      | Reached skill level 5 in Fighting
  3854 | D:5      | Reached skill level 6 in Spellcasting
  4118 | D:6      | Found a staircase to the Ecumenical Temple.
  4152 | D:6      | Slain by a gnoll

Illustrated notes

Levels and vault maps discovered:
D:1:      ldierk_walled_garden, layout_loops_ring
D:2:      layout_basic, shapermc_ecumenical_altar_acropolis, feat_on_display
D:3:      minmay_wonky_spiral, layout_loops_ring, lightli_temple_of_fire
D:4:      layout_basic, corexii_shack
D:5:      layout_basic, mainiacjoe_overflow_cross_hatched, uniq_prince_ribbit1
D:6:      layout_basic, minmay_temple_entry_ruins, serial_rivers,
          chequers_serial_rivers_marsh, chequers_serial_rivers_room_b,
          chequers_serial_rivers_micro_d, chequers_serial_rivers_small_3,
          sigmund_army

Skill      XL: |  1  2  3  4  5  6  7  8 |
---------------+-------------------------+-----
Spellcasting   | 4 5 6 |  6.3
Fighting       | 2 3 4 5 |  5.5
Armour         | 1 2 3 |  3.7
Dodging        | |  2.1
Stealth        | |  1.5

Action                     |  1- 3 |  4- 6 |  7- 9 || total
---------------------------+-------+-------+-------++-------
   Cast: Magic Dart        |    63 |    66 |    37 ||   166
         Iskenderun's Myst |       |     8 |    22 ||    30
         Searing Ray       |       |     2 |     4 ||     6
         Fulminant Prism   |       |     2 |     2 ||     4
 Armour: Robe              |     3 |     2 |     5 ||    10
  Dodge: Dodged            |     4 |     7 |     5 ||    16
